 Dungeon Crawl Stone Soup version 0.28.0-53-g5a82cb258f (webtiles) character file.

Game seed: 7984617426747578469

87 mcbry74 the Cudgeller (level 4, 0/39 HPs)
             Began as a Minotaur Berserker on June 26, 2022.
             Was a Believer of Trog.
             Slain by Terence
             ... wielding a +0 mace
              (11 damage)
             ... on level 2 of the Dungeon.
             The game lasted 00:04:06 (1684 turns).

mcbry74 the Cudgeller (Minotaur Berserker)          Turns: 1684, Time: 00:04:07

Health: 0/39       AC:  3    Str: 21    XL:     4   Next: 28%
Magic:  0/3        EV: 12    Int:  6    God:    Trog [**....]
Gold:   88         SH:  0    Dex: 10    Spells: 3/3 levels left

rFire   + . .      SeeInvis .   c - +0 whip
rCold   . . .      Faith    .   (no shield)
rNeg    . . .      Spirit   +   b - +0 animal skin
rPois   .          Reflect  .   (helmet restricted)
rElec   .          Harm     .   i - +0 cloak
rCorr   +          Rampage  .   (no gloves)
Will    .....                   (no boots)
Stlth   +.........              l - amulet of guardian spirit
HPRegen 0.13/turn               k - ring of resist corrosion
MPRegen 0.08/turn               n - ring of protection from fire

@: no status effects
A: horns 2, retaliatory headbutt
a: Renounce Religion, Berserk, Trog's Hand


You were on level 2 of the Dungeon.
You worshipped Trog.
Trog was pleased with you.
You visited 1 branch of the dungeon, and saw 2 of its levels.

You collected 88 gold pieces.

Inventory:

Hand Weapons
 a - a +0 mace
 c - a +0 whip (weapon)
Missiles
 d - 21 arrows
 e - 5 poisoned darts (quivered)
 m - 48 stones
Armour
 b - a +0 animal skin (worn)
 i - a +0 cloak (worn)
Jewellery
 k - a ring of resist corrosion (left hand)
 l - an amulet of guardian spirit (around neck)
 n - a ring of protection from fire (right hand)
Scrolls
 g - 3 scrolls of identify {unknown}
 j - a scroll of enchant weapon {unknown}
 o - a scroll of teleportation {unknown}
Potions
 f - a potion of flight {unknown}
 h - a potion of invisibility {unknown}


   Skills:
 - Level 3.6 Fighting
 * Level 5.1 Maces & Flails
 + Level 3.4 Armour
 + Level 3.1 Dodging


You had 3 spell levels left.
You didn't know any spells.
Your spell library was empty.

Dungeon Overview and Level Annotations

Branches:
Dungeon (2/15)

Altars:

Annotations:
D:2 Terence


Innate Abilities, Weirdness & Mutations

You have a pair of horns on your head.
You reflexively headbutt those who attack you in melee.


Message History

There is an open door here.
Terence the Incautious comes into view.
He is wielding a +0 mace.
Found an escape hatch in the floor.
Terence shouts!
A frilled lizard comes into view.
Terence moves out of view.
Found a scroll labelled HUGROH DUEDUOH.
Found an escape hatch in the ceiling.
A rat comes into view.
The frilled lizard hisses angrily.
Terence closely misses you.
You hit Terence but do no damage. You headbutt Terence.
Terence is moderately wounded.
You hit Terence but do no damage.
Terence is moderately wounded.
Terence says, "How do you enjoy it?" Terence hits you with a +0 mace.
You hit Terence. You headbutt Terence, but do no damage.
Terence is heavily wounded.
Terence hits you with a +0 mace!
You hit Terence but do no damage.
Terence is heavily wounded.
Terence hits you with a +0 mace.
You hit Terence.
Terence is severely wounded.
Terence drinks a potion.
Terence seems to grow stronger.
You hit Terence but do no damage.
Terence is severely wounded.
Terence hits you with a +0 mace!
You hit Terence. Your headbutt misses Terence.
Terence is severely wounded.
You closely miss Terence.
Terence is severely wounded.
Terence hits you with a +0 mace!
* * * LOW HITPOINT WARNING * * *
The rat barely misses you. You furiously retaliate!
You headbutt the rat, but do no damage. You hit Terence.
Terence is almost dead.
Terence hits you with a +0 mace!
You die...

###.(..#...........#.
.....##......#.......#...
......#..#.....#...#.....
..<......#.......#.......
.?...⌠...#.......#.......
...............#...#.....
.⌠.⌠.........#.......#...
.......##r.#...........#.
.....⌠l@@................
..>....##..........#####.
......# ########'#### ##
.....######## #.....#
######......###.....#
#..................#
#..........##......#
#..........##.#.####
#..........##:#.#


You could see Terence (strong), a frilled lizard and a rat.

Vanquished Creatures
  4 gnolls (D:2)
  An adder (D:2)
  A worm (D:2)
  3 ball pythons
  3 endoplasms
  A giant cockroach (D:1)
  A goblin (D:1)
  3 hobgoblins
  3 jackals (D:1)
  3 kobolds
  3 quokkas
  6 bats
  2 frilled lizards
  4 rats
38 creatures vanquished.

Notes
Turn   | Place    | Note
-------+----------+-------------------------------------------
     0 | D:1      | mcbry74 the Minotaur Berserker began the quest for the Orb.
     0 | D:1      | Reached XP level 1. HP: 19/19 MP: 0/0
    32 | D:1      | Reached skill level 4 in Maces & Flails
    44 | D:1      | Reached XP level 2. HP: 7/26 MP: 1/1
   796 | D:2      | Reached ** piety under Trog
   858 | D:2      | Reached XP level 3. HP: 29/31 MP: 2/2
   980 | D:2      | Reached skill level 5 in Maces & Flails
   980 | D:2      | Reached XP level 4. HP: 23/39 MP: 3/3
  1672 | D:2      | Noticed Terence
  1684 | D:2      | Slain by Terence

Illustrated notes

Levels and vault maps discovered:
D:1:      lightli_arrival_statuegarden, layout_basic
D:2:      layout_basic, grunt_ministairs_10, minmay_misc_feat_more_columns,
          uniq_terence

Skill      XL: |  1  2  3 |
---------------+----------+-----
Maces & Flails | 4 5 |  5.1
Armour         | 3 |  3.4
Dodging        | 3 |  3.1
Fighting       | |  3.6

Action                   |  1- 3 |  4- 6 || total
-------------------------+-------+-------++-------
Melee: Mace              |    20 |       ||    20
       Headbutt          |    12 |     5 ||    17
       Whip              |    39 |    24 ||    63
Throw: Dart              |       |     2 ||     2
 Stab: Sleeping          |       |     1 ||     1
Armor: Animal skin       |    10 |     3 ||    13
Dodge: Dodged            |    54 |     5 ||    59
